 Dungeon Crawl Stone Soup version 0.23.2-33-g5129a83184 (webtiles) character file.

Game seed: 1081238445113692320

298 troglodite the Charmwright (level 6, 0/75 HPs)
             Began as a Gnoll Skald on July 5, 2019.
             Was a Follower of Yredelemnul.
             Slain by an orc
             ... wielding a +0 mace
              (2 damage)
             ... on level 3 of the Dungeon.
             The game lasted 00:07:44 (3018 turns).

troglodite the Charmwright (Gnoll Skald)            Turns: 3018, Time: 00:07:45

Health: 0/75       AC: 23    Str: 13    XL:     6   Next: 35%
Magic:  14/14      EV:  2    Int: 17    God:    Yredelemnul [*.....]
Gold:   96         SH:  0    Dex: 15    Spells: 5/15 levels left

rFire    . . .     SeeInvis .   a - +0 falchion
rCold    . . .     Gourm    .   (no shield)
rNeg     + + +     Faith    .   (armour currently unavailable)
rPois    +         Spirit   .   (helmet currently unavailable)
rElec    .         Reflect  .   (cloak currently unavailable)
rCorr    .         Harm     .   (gloves currently unavailable)
MR       .....     NoTele   +   (boots currently unavailable)
Stlth    ++........             (no amulet)
HPRegen  0.22/turn              n - ring of teleportation (curse)
MPRegen  0.14/turn              k - -6 ring of evasion (curse)

@: tree-form
A: distributed training, strong nose
a: Animate Remains, Renounce Religion


You were on level 3 of the Dungeon.
You worshipped Yredelemnul.
Yredelemnul was aware of your devotion.
You were not hungry.
You were a tree.
You visited 1 branch of the dungeon, and saw 3 of its levels.

You collected 96 gold pieces.

Inventory:

Hand Weapons
 a - a +0 falchion (weapon)
Armour
 b - a +1 leather armour
 c - a +0 ring mail
 p - a +1 leather armour of fire resistance (melded)
Jewellery
 g - an uncursed ring of positive energy
 k - a cursed -6 ring of evasion (right branch)
 n - a cursed ring of teleportation (left branch)
Potions
 e - 2 potions of curing
 f - a potion of brilliance {unknown}
 h - a potion of invisibility {unknown}
 i - a potion of haste {unknown}
 j - a potion of lignification
 o - a potion of cancellation {unknown}
Comestibles
 d - 4 rations


   Skills:
 + Level 4.9 Fighting
 + Level 1.9 Short Blades
 + Level 4.9 Long Blades
 + Level 1.9 Axes
 + Level 1.9 Maces & Flails
 + Level 1.9 Polearms
 + Level 1.9 Staves
 + Level 1.9 Slings
 + Level 1.9 Bows
 + Level 1.9 Crossbows
 + Level 1.9 Throwing
 + Level 3.2 Armour
 + Level 4.9 Dodging
 + Level 1.9 Stealth
 + Level 1.9 Shields
 + Level 1.9 Unarmed Combat
 + Level 5.3 Spellcasting
 + Level 1.5 Conjurations
 + Level 1.5 Hexes
 + Level 5.6 Charms
 + Level 1.5 Summonings
 + Level 1.5 Necromancy
 + Level 1.5 Translocations
 + Level 1.5 Transmutations
 + Level 1.5 Fire Magic
 + Level 1.5 Ice Magic
 + Level 1.5 Air Magic
 + Level 1.5 Earth Magic
 + Level 1.5 Poison Magic
 + Level 2.1 Invocations
 + Level 1.9 Evocations


You had 5 spell levels left.
You knew the following spells:

 Your Spells              Type           Power        Failure   Level  Hunger
a - Infusion              Chrm           ###.         1%          1    None
b - Spectral Weapon       Hex/Chrm       ###.....     10%         3    ##.....
c - Regeneration          Chrm/Necr      ###.......   10%         3    ##.....
d - Confuse               Hex            #.......     22%         3    ##.....

Your spell library contained the following spells:

 Spells                   Type           Power        Failure   Level  Hunger
 Song of Slaying          Chrm           ###.....     1%          2    #......
 Shroud of Golubria       Chrm/Tloc      ###.......   4%          2    #......
 Confusing Touch          Hex            #.....       8%          1    None
 Gell's Gravitas          Tloc           #.........   22%         3    ##.....
 Petrify                  Tmut/Erth      #.......     58%         4    ####...
 Metabolic Englaciation   Hex/Ice        #.........   90%         5    ######.
 Yara's Violent Unravell  Hex/Tmut       #.........   90%         5    ######.


Dungeon Overview and Level Annotations

Branches:
Dungeon (3/15)

Altars:
Elyvilon
Fedhas
Gozag
Xom
Yredelemnul
The Shining One


Innate Abilities, Weirdness & Mutations

Your experience applies equally to all skills.
((You have very sharp teeth.))
Your uncanny sense of smell can sniff out nearby items.


Message History

You bump into the rock wall.
The orc hits you with a +0 mace!
* * * LOW HITPOINT WARNING * * *
You bump into the rock wall.
The orc hits you with a +0 mace.
* * * LOW HITPOINT WARNING * * *
You're too confused to move!
The orc hits you with a +0 mace.
* * * LOW HITPOINT WARNING * * *
You completely miss the orc.
You bump into the rock wall.
You feel less confused. The orc hits you with a +0 mace.
* * * LOW HITPOINT WARNING * * *
It was a potion of lignification.
You turn into a tree.
Your +1 leather armour of fire resistance melds into your body.
You feel less resistant to fire.
Your roots penetrate the ground.
The orc hits you but does no damage.
You hit the orc.
The orc is heavily wounded.
The orc hits you with a +0 mace.
You die...
Your body rises from the dead as a mindless zombie.

###.######.#.#.# .#.# #.#
#..##÷# .#># #># ####.##
.#.# #.# #_####.#.#
###÷######.#####...
..............##..
###.#######.#<##)# #..#
#.#.##o# ##.#
#.#.##♣##.#.# #.#
##.............
#)#####....##.#......
####.#....#...##.#.#..##
.≈........#..#.#.#.#..# .#
.##
.≈.≈........###....#..# .#
... ≈≈≈........##
##...#..##.# ###
≈≈≈≈.#...##.###...)....#.#
#
≈≈≈≈≈##..###.#....)..[...#
##


You could see an orc.

Vanquished Creatures
  A scorpion (D:2)
  A bullfrog skeleton (D:2)
  An orc priest (D:3)
  3 orc wizards (D:3)
  2 adders
  An ooze (D:2)
  3 dart slugs (D:1)
  3 leopard geckos
  7 orcs (D:3)
  A ball python (D:3)
  9 bats
  3 giant cockroaches
  6 goblins
  8 hobgoblins
  4 jackals
  8 kobolds
  A quokka (D:2)
  4 frilled lizards
  9 rats
75 creatures vanquished.

Notes
Turn   | Place    | Note
-------+----------+-------------------------------------------
     0 | D:1      | troglodite the Gnoll Skald began the quest for the Orb.
     0 | D:1      | Reached XP level 1. HP: 20/20 MP: 6/6
   122 | D:1      | Reached XP level 2. HP: 26/26 MP: 7/7
   195 | D:1      | Reached XP level 3. HP: 12/31 MP: 9/9
   273 | D:1      | Reached skill level 5 in Spellcasting
   495 | D:1      | Reached skill level 1 in Invocations
   788 | D:1      | Learned a level 3 spell: Spectral Weapon
   792 | D:1      | Learned a level 3 spell: Regeneration
   882 | D:2      | Noticed a scorpion
   895 | D:2      | Killed a scorpion
   895 | D:2      | Reached skill level 1 in Short Blades
   895 | D:2      | Reached skill level 1 in Axes
   895 | D:2      | Reached skill level 1 in Maces & Flails
   895 | D:2      | Reached skill level 1 in Polearms
   895 | D:2      | Reached skill level 1 in Staves
   895 | D:2      | Reached skill level 1 in Slings
   895 | D:2      | Reached skill level 1 in Bows
   895 | D:2      | Reached skill level 1 in Crossbows
   895 | D:2      | Reached skill level 1 in Throwing
   895 | D:2      | Reached skill level 1 in Stealth
   895 | D:2      | Reached skill level 1 in Shields
   895 | D:2      | Reached skill level 1 in Unarmed Combat
   895 | D:2      | Reached skill level 1 in Conjurations
   895 | D:2      | Reached skill level 1 in Hexes
   895 | D:2      | Reached skill level 1 in Summonings
   895 | D:2      | Reached skill level 1 in Necromancy
   895 | D:2      | Reached skill level 1 in Translocations
   895 | D:2      | Reached skill level 1 in Transmutations
   895 | D:2      | Reached skill level 1 in Fire Magic
   895 | D:2      | Reached skill level 1 in Ice Magic
   895 | D:2      | Reached skill level 1 in Air Magic
   895 | D:2      | Reached skill level 1 in Earth Magic
   895 | D:2      | Reached skill level 1 in Poison Magic
   895 | D:2      | Reached skill level 1 in Evocations
   895 | D:2      | Reached XP level 4. HP: 16/38 MP: 11/11
  1138 | D:2      | Reached XP level 5. HP: 19/43 MP: 8/12
  1342 | D:2      | Found a blossoming altar of Fedhas.
  1342 | D:2      | Found an opulent altar of Gozag.
  1395 | D:2      | Learned a level 3 spell: Confuse
  1437 | D:2      | Found a glowing golden altar of the Shining One.
  2207 | D:3      | Found a white marble altar of Elyvilon.
  2283 | D:3      | Found a shimmering altar of Xom.
  2643 | D:3      | Found a faded altar of an unknown god.
  2663 | D:3      | Became a worshipper of Yredelemnul the Dark
  2663 | D:3      | Reached * piety under Yredelemnul
  2717 | D:3      | Reached XP level 6. HP: 37/50 MP: 13/13
  3013 | D:3      | HP: 2/50 [orc/+0 mace (4)]
  3018 | D:3      | Slain by an orc

Skill      XL: |  1  2  3  4  5 |
---------------+----------------+-----
Spellcasting   | 5 |  5.3
Invocations    | 1 2 |  2.1
Short Blades   | 1 |  1.9
Axes           | 1 |  1.9
Maces & Flails | 1 |  1.9
Polearms       | 1 |  1.9
Staves         | 1 |  1.9
Slings         | 1 |  1.9
Bows           | 1 |  1.9
Crossbows      | 1 |  1.9
Throwing       | 1 |  1.9
Stealth        | 1 |  1.9
Shields        | 1 |  1.9
Unarmed Combat | 1 |  1.9
Conjurations   | 1 |  1.5
Hexes          | 1 |  1.5
Summonings     | 1 |  1.5
Necromancy     | 1 |  1.5
Translocations | 1 |  1.5
Transmutations | 1 |  1.5
Fire Magic     | 1 |  1.5
Ice Magic      | 1 |  1.5
Air Magic      | 1 |  1.5
Earth Magic    | 1 |  1.5
Poison Magic   | 1 |  1.5
Evocations     | 1 |  1.9
Armour         | 3 |  3.2
Fighting       | |  4.9
Long Blades    | |  4.9
Dodging        | |  4.9
Charms         | |  5.6

Action                   |  1- 3 |  4- 6 || total
-------------------------+-------+-------++-------
Melee: Falchion          |    88 |   185 ||   273
       Bite              |    13 |    24 ||    37
       Punch             |       |     2 ||     2
 Cast: Regeneration      |       |     3 ||     3
       Spectral Weapon   |       |     3 ||     3
  Use: Scroll            |       |     5 ||     5
       Potion            |       |     1 ||     1
 Stab: Sleeping          |     1 |     3 ||     4
  Eat: Chunk             |       |     4 ||     4
       Ration            |       |     1 ||     1
Armor: Leather armour    |    14 |    73 ||    87
       Skin              |       |     1 ||     1
Dodge: Dodged            |    64 |    79 ||   143
       Rpst.: Falchion   |    26 |    25 ||    51
